 Dungeon Crawl Stone Soup version 0.30-a0-557-ge2afbf3030 (webtiles) character file.

Game seed: 13240068216821666764

29712 billz999 the Skirmisher (level 13, -6/103 HPs)
             Began as a Gnoll Hunter on Dec 27, 2022.
             Was a Priest of Makhleb.
             Mangled by a death yak (24 damage)
             ... on level 5 of the Lair of Beasts.
             The game lasted 00:33:17 (13353 turns).

billz999 the Skirmisher (Gnoll Hunter)             Turns: 13353, Time: 00:33:18

Health: -6/103     AC:  4    Str: 13    XL:     13   Next: 47%
Magic:  3/23       EV: 20    Int:  8    God:    Makhleb [***...]
Gold:   332        SH:  5    Dex: 22    Spells: 13/29 levels left

rFire   + + +      SeeInvis .    a - +7 shortbow (drain)
rCold   + . .      Faith    .    (shield currently unavailable)
rNeg    . . .      Spirit   .    x - +1 robe of Vines {NoPotionHeal Regen++++}
rPois   +          Reflect  +    I - -1 helmet of the Nine Servitors {Dex+3}
rElec   +          Harm     .    (no cloak)
rCorr   +          Rampage  .    (no gloves)
Will    .....                    (no boots)
Stlth   ++                       h - amulet of reflection
HPRegen 3.57/turn                K - ring of protection from fire
MPRegen 0.18/turn                p - ring of protection from fire

@: about to teleport, resistant, contaminated, glowing, unable to read
A: fangs 1, strong nose, distributed training, low MP 1, inability to read after
injury 1
a: Renounce Religion, Minor Destruction, Lesser Servant of Makhleb


You were on level 5 of the Lair of Beasts.
You worshipped Makhleb.
Makhleb was most pleased with you.
You visited 2 branches of the dungeon, and saw 13 of its levels.
You also visited: Volcano.

You collected 746 gold pieces.
You spent 414 gold pieces at shops.

Inventory:

Hand Weapons
 a - a +7 shortbow of draining (weapon)
 b - a +2 dagger of venom
 z - a +3 vampiric dagger
 J - the +5 dagger of Revolt {flame, Int+3}
   (You found it on level 2 of the Lair of Beasts)

   It burns those it strikes, dealing additional fire damage.
   Int:       It affects your intelligence (+3).
Missiles
 l - 11 boomerangs
Armour
 c - a +1 leather armour
 x - the +1 robe of Vines (worn) {NoPotionHeal Regen++++}
   (You found it on level 7 of the Dungeon)

   Its wearer cannot be healed by potions.
   Regen:     It increases your rate of health regeneration.
 I - the -1 helmet of the Nine Servitors (worn) {Dex+3}
   (You bought it in a shop on level 6 of the Dungeon)

   Dex:       It affects your dexterity (+3).
Jewellery
 f - a +4 ring of protection
 h - an amulet of reflection (around neck)
 p - a ring of protection from fire (right hand)
 K - a ring of protection from fire (left hand)
Wands
 u - a wand of flame (37)
 y - a wand of mindburst (4)
 H - a wand of charming (3)
Scrolls
 d - 6 scrolls of magic mapping
 e - 2 scrolls of amnesia
 i - 5 scrolls of immolation
 r - 2 scrolls of fear
 B - 2 scrolls of fog
 D - a scroll of silence
 F - a scroll of noise
Potions
 g - 3 potions of brilliance
 j - 3 potions of haste
 k - a potion of attraction
 m - 2 potions of lignification
 o - 2 potions of heal wounds
 q - 6 potions of curing
 t - a potion of might
 w - 2 potions of cancellation {unknown}
 A - 3 potions of mutation {unknown}
 C - a potion of berserk rage {unknown}
 G - a potion of degeneration {unknown}


   Skills:
 + Level 9.8 Fighting
 + Level 8.6 Short Blades
 + Level 8.6 Long Blades
 + Level 8.6 Axes
 + Level 8.6 Maces & Flails
 + Level 8.6 Polearms
 + Level 8.6 Staves
 + Level 12.0 Ranged Weapons
 + Level 8.6 Throwing
 + Level 8.6 Armour
 + Level 9.8 Dodging
 + Level 9.0 Stealth
 + Level 8.6 Shields
 + Level 8.6 Unarmed Combat
 + Level 8.6 Spellcasting
 + Level 7.2 Conjurations
 + Level 7.2 Hexes
 + Level 7.2 Summonings
 + Level 7.2 Necromancy
 + Level 7.2 Translocations
 + Level 7.2 Transmutations
 + Level 7.2 Fire Magic
 + Level 7.2 Ice Magic
 + Level 7.2 Air Magic
 + Level 7.2 Earth Magic
 + Level 7.2 Poison Magic
 + Level 9.4 Invocations
 + Level 8.6 Evocations


You had 13 spell levels left.
You knew the following spells:

 Your Spells              Type           Power      Damage    Failure   Level
a - Frozen Ramparts       Ice            30%        1d5       2%          3
b - Tukima's Dance        Hex            15%        N/A       2%          3
c - Wereblood             Tmut           15%        N/A       1%          2
d - Portal Projectile     Hex/Tloc       30%        N/A       2%          3
e - Irradiate             Conj/Tmut      7%         3d14      26%         5

Your spell library contained the following spells:

 Spells                   Type           Power      Damage    Failure   Level
 Apportation              Tloc           30%        N/A       1%          1
 Freeze                   Ice            60%        1d7       1%          1
 Sublimation of Blood     Necr           15%        N/A       1%          2
 Hailstorm                Conj/Ice       15%        3d5       2%          3
 Stone Arrow              Conj/Erth      30%        3d8       2%          3
 Animate Armour           Summ/Erth      30%        N/A       10%         4
 Leda's Liquefaction      Hex/Erth       7%         N/A       10%         4
 Petrify                  Tmut/Erth      15%        N/A       10%         4
 Alistair's Intoxication  Tmut/Pois      10%        N/A       26%         5
 Blade Hands              Tmut           7%         N/A       26%         5
 Lee's Rapid Deconstruct  Erth           7%         3d7*      26%         5
 Statue Form              Tmut/Erth      10%        N/A       82%         6
 Malign Gateway           Summ/Tloc      7%         N/A       100%        7
 Summon Hydra             Summ           7%         N/A       100%        7
 Lehudib's Crystal Spear  Conj/Erth      7%         10d3      100%        8
 Summon Horrible Things   Summ           7%         N/A       100%        8
 Chain Lightning          Conj/Air       7%         3d10      100%        9
 Fire Storm               Conj/Fire      7%         8d2       100%        9
 Shatter                  Erth           7%         3d10*     100%        9


Dungeon Overview and Level Annotations

Branches:
Dungeon (8/15)             Temple (0/1) D:6            Lair (5/5) D:8
 Shoals (0/4) Lair:2       Spider (0/4) Lair:3        Slime (0/5) Lair:4
Volcano (visited)

Altars:
Cheibriados
Dithmenos
Gozag
Kikubaaqudgha
Makhleb
Nemelex Xobeh
Okawaru
Qazlal
Ru
Uskayaw
Wu Jian
The Shining One
Jiyva

Shops:
D:6 (*(([

Annotations:
Lair:4 exclusion: 2 oklob plants
Lair:5 Nessos


Innate Abilities, Weirdness & Mutations

You have very sharp teeth.
Your uncanny sense of smell can sniff out nearby items.
Your experience applies equally to all skills.
Your magical capacity is low. (-10% MP)
You occasionally lose the ability to read scrolls when taking damage.


Message History

Aim: a death yak (almost dead, lightly drained, ally target, 86% to hit)
You shoot an arrow. The arrow hits the death yak!
The death yak is almost dead.
Your orange demon stings the death yak but does no damage.
Your orange demon hits the death yak.
The death yak dies!
Makhleb accepts your kill. The death yak gores you.
Your death yak barely misses the black mamba.
Unknown command.
Fire: a) +7 shortbow (drain)
Press: ? - help, Shift-Dir - straight line, f - death yak
Aim: a death yak (lightly wounded, ally target, 86% to hit)
You shoot an arrow. The arrow hits the death yak!
The death yak is moderately wounded.
The black mamba bites you!
You feel threatened and lose the ability to read scrolls!
* * * LOW HITPOINT WARNING * * *
Your orange demon stings the death yak but does no damage.
Your death yak completely misses the black mamba.
The death yak completely misses you.
Unknown command.
You feel protected.
You can read scrolls again.
You block the black mamba's attack.
Your orange demon completely misses the death yak.
You block the black mamba's attack.
The death yak gores you but does no damage.
Your death yak gores the black mamba.
As you read the scroll of teleportation, it crumbles to dust.
You feel strangely unstable. The black mamba bites you.
* * * LOW HITPOINT WARNING * * *
Your orange demon stings the death yak from afar!
The death yak looks as sick as possible!
Your orange demon poisons the death yak!
The black mamba bites you!
* * * LOW HITPOINT WARNING * * *
The death yak gores you!!
You feel threatened and lose the ability to read scrolls!
You die...

## #. ####
####.######@P##P##
.#.....#...YSY......
..........Y..4......
....................
......†.............
..............P.....
........#....P....<.
.......##...........
....... .......P...


You could see 2 death yaks, a black mamba, a friendly death yak (charmed,
misshapen) and a friendly orange demon (summoned).

Vanquished Creatures
  3 hydras
  2 death yaks
  A deep elf archer (Volcano)
  6 deep elf pyromancers (Volcano)
  A manticore (Lair:2)
  12 elephants
  5 black mambas
  5 cane toads
  8 komodo dragons
  An unseen horror (D:8)
  2 trolls (D:7)
  A wind drake (Lair:2)
  7 dream sheep
  3 blink frogs (Lair:1)
  30 yaks
  2 wyverns
  2 fire elementals (Volcano)
  4 basilisks
  A steam dragon (Lair:1)
  3 hell hounds (Volcano)
  14 water moccasins
  An orc warrior (D:8)
  2 sky beasts (D:6)
  3 black bears
  An ice beast (D:7)
  12 wolves
  2 centaurs (D:6)
  A phantom (D:4)
  2 kobold brigands
  11 bullfrogs
  4 scorpions
  2 necrophages
  A howler monkey (D:6)
  A hound (D:5)
  A gnoll bouda (D:5)
  2 orc priests
  3 iron imps (D:4)
  2 orc wizards
  3 gnolls (D:5)
  8 adders
  2 white imps
  3 ufetubi
  2 dart slugs (D:2)
  13 orcs
  8 ball pythons
  5 bats
  9 endoplasms
  2 giant cockroaches
  7 hobgoblins
  6 quokkas
  2 frilled lizards
  10 goblins
  16 kobolds
  3 rats
  A spectral goblin (D:2)
264 creatures vanquished.

Vanquished Creatures (collateral kills)
  A death yak (Lair:5)
1 creature vanquished.

Vanquished Creatures (others)
  7 fungi
  21 plants
28 creatures vanquished.

Grand Total: 293 creatures vanquished

Notes
Turn   | Place    | Note
-------+----------+-------------------------------------------
     0 | D:1      | billz999 the Gnoll Hunter began the quest for the Orb.
     0 | D:1      | Reached XP level 1. HP: 20/20 MP: 1/1
   201 | D:1      | Reached XP level 2. HP: 26/26 MP: 2/2
   584 | D:1      | Reached XP level 3. HP: 31/31 MP: 3/3
   833 | D:2      | Reached skill level 1 in Invocations
   871 | D:2      | Reached skill level 1 in Short Blades
   871 | D:2      | Reached skill level 1 in Long Blades
   871 | D:2      | Reached skill level 1 in Axes
   871 | D:2      | Reached skill level 1 in Maces & Flails
   871 | D:2      | Reached skill level 1 in Polearms
   871 | D:2      | Reached skill level 1 in Staves
   871 | D:2      | Reached skill level 1 in Throwing
   871 | D:2      | Reached skill level 1 in Armour
   871 | D:2      | Reached skill level 1 in Shields
   871 | D:2      | Reached skill level 1 in Unarmed Combat
   871 | D:2      | Reached skill level 1 in Spellcasting
   871 | D:2      | Reached skill level 1 in Evocations
   914 | D:2      | Reached XP level 4. HP: 37/38 MP: 5/5
  1116 | D:2      | Found a faded altar of an unknown god.
  1418 | D:3      | Found a shadowy altar of Dithmenos.
  1436 | D:3      | Reached skill level 1 in Conjurations
  1436 | D:3      | Reached skill level 1 in Hexes
  1436 | D:3      | Reached skill level 1 in Summonings
  1436 | D:3      | Reached skill level 1 in Necromancy
  1436 | D:3      | Reached skill level 1 in Translocations
  1436 | D:3      | Reached skill level 1 in Transmutations
  1436 | D:3      | Reached skill level 1 in Fire Magic
  1436 | D:3      | Reached skill level 1 in Ice Magic
  1436 | D:3      | Reached skill level 1 in Air Magic
  1436 | D:3      | Reached skill level 1 in Earth Magic
  1436 | D:3      | Reached skill level 1 in Poison Magic
  1693 | D:3      | Found a glowing golden altar of the Shining One.
  1730 | D:3      | Reached XP level 5. HP: 29/43 MP: 5/7
  2392 | D:4      | Found a hide-covered altar of Uskayaw.
  2543 | D:4      | Reached XP level 6. HP: 50/50 MP: 8/8
  2611 | D:4      | Reached skill level 5 in Fighting
  2611 | D:4      | Reached skill level 5 in Dodging
  2773 | D:4      | Found a burning altar of Makhleb.
  2806 | D:4      | Became a worshipper of Makhleb the Destroyer
  3188 | D:5      | Entered Level 5 of the Dungeon
  3221 | D:5      | Found a sparkling altar of Nemelex Xobeh.
  3221 | D:5      | Found an opulent altar of Gozag.
  3221 | D:5      | Noticed a black bear
  3233 | D:5      | Reached XP level 7. HP: 48/56 MP: 10/10
  3326 | D:5      | Reached skill level 9 in Ranged Weapons
  3502 | D:5      | Found an ornate altar of the Wu Jian Council.
  4281 | D:6      | Found a stormy altar of Qazlal.
  4312 | D:6      | Reached XP level 8. HP: 50/63 MP: 12/12
  4361 | D:6      | Found Baekusob's Weapon Shoppe.
  4953 | D:6      | Learned a level 3 spell: Frozen Ramparts
  4983 | D:6      | Found a staircase to the Ecumenical Temple.
  5051 | D:6      | Found Ifufomu's Weapon Shop.
  5059 | D:6      | Bought a +2 shortbow of draining for 191 gold pieces
  5070 | D:6      | Reached * piety under Makhleb
  5085 | D:6      | Found a snail-covered altar of Cheibriados.
  5111 | D:6      | Found Qamumoza's Antique Armour Shop.
  5153 | D:6      | Found Nurakiw's General Store.
  5157 | D:6      | Bought a potion of curing for 33 gold pieces
  5290 | D:6      | Found Ocwouzosk's Weapon Shoppe.
  5500 | D:7      | Found a sacrificial altar of Ru.
  5564 | D:7      | Found the +1 robe of Vines {NoPotionHeal Regen++++}
  5568 | D:7      | Noticed a troll
  5570 | D:7      | Noticed a six-headed hydra
  5572 | D:7      | Noticed a troll
  5579 | D:7      | Killed a six-headed hydra
  5580 | D:7      | Reached XP level 9. HP: 69/69 MP: 13/15
  5580 | D:7      | Killed a troll
  5581 | D:7      | Reached skill level 5 in Stealth
  5587 | D:7      | Killed a troll
  5728 | D:7      | Reached skill level 5 in Invocations
  6314 | D:8      | Found an ancient bone altar of Kikubaaqudgha.
  6570 | D:8      | Killed an unseen horror
  6800 | D:8      | Found an iron altar of Okawaru.
  6889 | D:8      | Found a staircase to the Lair.
  7166 | D:8      | Learned a level 3 spell: Tukima's Dance
  7169 | D:8      | Learned a level 2 spell: Wereblood
  7173 | D:8      | Learned a level 3 spell: Portal Projectile
  7251 | Lair:1   | Entered Level 1 of the Lair of Beasts
  7260 | Lair:1   | Reached skill level 5 in Short Blades
  7260 | Lair:1   | Reached skill level 5 in Long Blades
  7260 | Lair:1   | Reached skill level 5 in Axes
  7260 | Lair:1   | Reached skill level 5 in Maces & Flails
  7260 | Lair:1   | Reached skill level 5 in Polearms
  7260 | Lair:1   | Reached skill level 5 in Staves
  7260 | Lair:1   | Reached skill level 5 in Throwing
  7260 | Lair:1   | Reached skill level 5 in Armour
  7260 | Lair:1   | Reached skill level 5 in Shields
  7260 | Lair:1   | Reached skill level 5 in Unarmed Combat
  7260 | Lair:1   | Reached skill level 5 in Spellcasting
  7260 | Lair:1   | Reached skill level 5 in Evocations
  7260 | Lair:1   | Reached XP level 10. HP: 77/77 MP: 17/17
  7301 | Lair:1   | Reached skill level 10 in Ranged Weapons
  7788 | Lair:1   | Reached ** piety under Makhleb
  7837 | Lair:1   | Noticed a cane toad
  7894 | Lair:1   | Noticed a black mamba
  7900 | Lair:1   | Killed a black mamba
  8477 | Lair:1   | Reached skill level 5 in Conjurations
  8477 | Lair:1   | Reached skill level 5 in Hexes
  8477 | Lair:1   | Reached skill level 5 in Summonings
  8477 | Lair:1   | Reached skill level 5 in Necromancy
  8477 | Lair:1   | Reached skill level 5 in Translocations
  8477 | Lair:1   | Reached skill level 5 in Transmutations
  8477 | Lair:1   | Reached skill level 5 in Fire Magic
  8477 | Lair:1   | Reached skill level 5 in Ice Magic
  8477 | Lair:1   | Reached skill level 5 in Air Magic
  8477 | Lair:1   | Reached skill level 5 in Earth Magic
  8477 | Lair:1   | Reached skill level 5 in Poison Magic
  8477 | Lair:1   | Reached XP level 11. HP: 85/85 MP: 16/20
  8574 | Lair:1   | Noticed a six-headed hydra
  8583 | Lair:1   | Killed a six-headed hydra
  8837 | Lair:1   | Noticed a death yak
  8850 | Lair:1   | Killed a death yak
  9468 | Lair:2   | Learned a level 5 spell: Irradiate
  9489 | Lair:2   | Noticed a four-headed hydra
  9497 | Lair:2   | Killed a four-headed hydra
  9498 | Lair:2   | Reached skill level 11 in Ranged Weapons
  9836 | Lair:2   | Found a staircase to the Shoals.
  9858 | Lair:2   | Reached XP level 12. HP: 91/94 MP: 17/22
 10405 | D:6      | Bought a bloodstained helmet for 190 gold pieces
 10405 | D:6      | Identified the -1 helmet of the Nine Servitors {Dex+3} (You
                  | bought it in a shop on level 6 of the Dungeon)
 10812 | Lair:2   | Identified the +5 dagger of Revolt {flame, Int+3}
 11085 | Lair:3   | Found a hole to the Spider Nest.
 11193 | Lair:3   | Reached *** piety under Makhleb
 12169 | Lair:4   | Found a dark tunnel.
 12178 | Volcano  | Entered a volcano
 12207 | Volcano  | Reached XP level 13. HP: 101/101 MP: 21/25
 12644 | Lair:4   | Identified the +4 halberd of Suplos {flame, rN+ Str+8
                  | Int+2}
 12954 | Lair:4   | Reached skill level 12 in Ranged Weapons
 12976 | Lair:4   | Reached **** piety under Makhleb
 12994 | Lair:4   | Found a viscous altar of Jiyva.
 12994 | Lair:4   | Found a staircase to the Slime Pits.
 13314 | Lair:5   | Entered Level 5 of the Lair of Beasts
 13314 | Lair:5   | Noticed Nessos
 13334 | Lair:5   | Gained mutation: Your magical capacity is low. (-10% MP)
                  | [mutagenic glow]
 13349 | Lair:5   | Gained mutation: You occasionally lose the ability to read
                  | scrolls when taking damage. [mutagenic glow]
 13353 | Lair:5   | Mangled by a death yak

Illustrated notes

Levels and vault maps discovered:
D:1:      dpeg_arrival_rooms_a, layout_loops_ring
D:2:      layout_basic, dreamdust_ecumenical_altar_drowned_temple,
          minmay_split_cup_large
D:3:      layout_basic, tso_oasis_becter, mainiacjoe_overflow_catwalk
D:4:      layout_basic, demons_altar, eat_drink_and_be_merry_uskayaw
D:5:      layout_basic, grunt_temple_overflow_opulence, general_overflow_altar
D:6:      nicolae_cairo_tiling_large_dashed, layout_basic, lemuel_tele_altar,
          mainiacjoe_overflow_cross_hatched, serial_shops,
          nicolae_shop_advertising_works [nicolae_subvault_shop_adworks], shop,
          shop_statue, nicolae_shop_bloodbath_and_beyond, shop_fountains,
          dk_noncrumbling_3
D:7:      layout_basic, nicolae_ru_the_path_less_chosen,
          hellmonk_guarded_unrand_vines
D:8:      layout_loops_corners, mainiacjoe_overflow_six_doors_small,
          lemuel_coloured_pillars_altar, lair_entry_dummy
Lair:1:   layout_regular_city, minmay_shattered_shrine, grunt_megastairs_1,
          infiniplex_staircase_pool_2
Lair:2:   layout_cave_pods, minmay_shoals_entry_beasts
Lair:3:   layout_small_grid, spider_nest_entry_web_field
Lair:4:   layout_regular_city, minmay_slime_entry_oklob_open,
          nicolae_volcano_entry_lava_flow, minivault_23
Lair:5:   hellmonk_lair_end_abyssal_woods, layout_gridlike,
          hangedman_lair_unloving_vines, kennysheep_rathole, uniq_nessos

Skill      XL: |  1  2  3  4  5  6  7  8  9 10 11 12 13 |
---------------+----------------------------------------+-----
Invocations    | 1 2 3 4 5 6 7 8 9 |  9.4
Short Blades   | 1 2 3 4 5 6 7 8 |  8.6
Long Blades    | 1 2 3 4 5 6 7 8 |  8.6
Axes           | 1 2 3 4 5 6 7 8 |  8.6
Maces & Flails | 1 2 3 4 5 6 7 8 |  8.6
Polearms       | 1 2 3 4 5 6 7 8 |  8.6
Staves         | 1 2 3 4 5 6 7 8 |  8.6
Throwing       | 1 2 3 4 5 6 7 8 |  8.6
Armour         | 1 2 3 4 5 6 7 8 |  8.6
Shields        | 1 2 3 4 5 6 7 8 |  8.6
Unarmed Combat | 1 2 3 4 5 6 7 8 |  8.6
Spellcasting   | 1 2 3 4 5 6 7 8 |  8.6
Evocations     | 1 2 3 4 5 6 7 8 |  8.6
Conjurations   | 1 2 3 4 5 6 7 |  7.2
Hexes          | 1 2 3 4 5 6 7 |  7.2
Summonings     | 1 2 3 4 5 6 7 |  7.2
Necromancy     | 1 2 3 4 5 6 7 |  7.2
Translocations | 1 2 3 4 5 6 7 |  7.2
Transmutations | 1 2 3 4 5 6 7 |  7.2
Fire Magic     | 1 2 3 4 5 6 7 |  7.2
Ice Magic      | 1 2 3 4 5 6 7 |  7.2
Air Magic      | 1 2 3 4 5 6 7 |  7.2
Earth Magic    | 1 2 3 4 5 6 7 |  7.2
Poison Magic   | 1 2 3 4 5 6 7 |  7.2
Stealth        | 3 4 5 6 7 8 9 |  9.0
Fighting       | 5 6 7 8 9 |  9.8
Dodging        | 5 6 7 8 9 |  9.8
Ranged Weapons | 9 10 11 12 | 12.0

Action                   |  1- 3 |  4- 6 |  7- 9 | 10-12 | 13-15 || total
-------------------------+-------+-------+-------+-------+-------++-------
Melee: Dagger            |       |    18 |    91 |     7 |       ||   116
       Bite              |       |     2 |    14 |     2 |       ||    18
       Punch             |       |       |     1 |       |       ||     1
 Fire: Shortbow          |    79 |   174 |   127 |   512 |   144 ||  1036
 Cast: Frozen Ramparts   |       |       |       |    42 |    14 ||    56
       Wereblood         |       |       |       |    12 |     6 ||    18
       Irradiate         |       |       |       |     2 |     3 ||     5
Invok: Lesser Servant of |       |       |       |       |     2 ||     2
Evoke: Wand              |       |     1 |     5 |     5 |     2 ||    13
  Use: Scroll            |     2 |     3 |     9 |    12 |     2 ||    28
       Potion            |       |       |     1 |     2 |     2 ||     5
Armor: Leather armour    |     5 |    17 |    22 |       |       ||    44
       Skin              |       |       |    15 |       |       ||    15
       Robe              |       |       |     7 |    99 |    24 ||   130
Dodge: Dodged            |    12 |    34 |    66 |   295 |    85 ||   492
Block: Other             |       |    18 |    28 |   123 |    28 ||   197
       Reflection        |       |     1 |       |       |       ||     1

Table legend: (Time is in decaauts)
 A = Elapsed time spent in this place.
 B = Non-inter-level travel time spent in this place.
 C = Inter-level travel time spent in this place.
 D = Time resting spent in this place.
 E = Time spent auto-exploring this place.
 F = Levels seen in this place.
 G = Mean time per level.
                   A        B        C        D        E       F      G
               +--------+--------+--------+--------+--------+-----+--------+
         Total |  13347 |  12325 |   1022 |   1057 |   9364 |  14 |  953.4 |
       Dungeon |   7644 |   6956 |    688 |    375 |   5722 |   8 |  955.5 |
          Lair |   5343 |   5009 |    334 |    679 |   3462 |   5 | 1068.6 |
       Volcano |    359 |    359 |      0 |      1 |    180 |   1 |  359.0 |
               +--------+--------+--------+--------+--------+-----+--------+

Top non-repeatable levels by time:
  Lair:1: 1752 daAuts
  Lair:2: 1647 daAuts
     D:6: 1326 daAuts
     D:8: 1200 daAuts
  Lair:3: 1044 daAuts
     D:5: 1026 daAuts
     D:3: 966 daAuts
     D:7: 877 daAuts
  Lair:4: 862 daAuts
     D:4: 809 daAuts
     D:1: 774 daAuts
     D:2: 665 daAuts
 Volcano: 359 daAuts
  Lair:5: 36 daAuts
